[ AOE2 MATCH · #506036556 ]
UnrankedPersians vs Wei
Player's team · WIN
Rival team · LOSS
[ REPLAY ANALYSIS · EXTRACTED FROM THE RECORDED GAME ]
Feudal
19:23
Castle
23:32
Imperial
—
| APM avg | 57.7 |
| APM peak | 97 |
| eAPM avg | 33.2 |
| Villagers / military | 84 / 14 |
Focus
⚔️ 19.0% · 🌾 81.0%
Knight ×7 · Monk ×3 · Spearman ×3 · Camel Scout ×1
Feudal
25:22
Castle
30:57
Imperial
—
| APM avg | 71.7 |
| APM peak | 128 |
| eAPM avg | 29.5 |
| Villagers / military | 56 / 31 |
Focus
⚔️ 15.6% · 🌾 84.4%
Militia ×11 · Scout Cavalry ×11 · Spearman ×9 · Unknown (1944) ×5
Match map
Initial resources + every placement click. Lines = walls · curves = elevation contours. ◆ gold · ⬟ stone · ● berries · ✦ relic · ◌ wall gap
Your base· Open — unwalled flank
Wonderphil's base· Open — unwalled flank
Smoothed initial terrain · ◌ = detected wall gap · hover for details
Inputs per minute
— Tattletale Strangler - - Wonderphil
Build order — Tattletale Strangler
First 150 of 219 actions detected
| 0:00 | Queue | Villager (Male) |
| 0:00 | Queue | Villager (Male) |
| 0:01 | Build | House |
| 0:02 | Build | House |
| 0:03 | Queue | Villager (Male) |
| 0:15 | Queue | Villager (Male) |
| 0:31 | Queue | Villager (Male) |
| 0:32 | Queue | Villager (Male) |
| 1:22 | Queue | Villager (Male) |
| 1:57 | Queue | Villager (Male) |
| 2:03 | Build | Lumber Camp |
| 2:08 | Queue | Villager (Male) |
| 2:45 | Queue | Villager (Male) |
| 3:04 | Queue | Villager (Male) |
| 3:16 | Build | House |
| 3:43 | Queue | Villager (Male) |
| 3:53 | Build | House |
| 3:59 | Queue | Villager (Male) |
| 3:59 | Queue | Villager (Male) |
| 4:34 | Queue | Villager (Male) |
| 4:34 | Queue | Villager (Male) |
| 4:53 | Queue | Villager (Male) |
| 5:13 | Build | Mill |
| 5:18 | Queue | Villager (Male) |
| 5:55 | Queue | Villager (Male) |
| 6:00 | Queue | Villager (Male) |
| 6:04 | Queue | Villager (Male) |
| 6:19 | Build | House |
| 6:31 | Queue | Villager (Male) |
| 6:46 | Queue | Villager (Male) |
| 7:11 | Queue | Villager (Male) |
| 7:11 | Queue | Villager (Male) |
| 7:15 | Queue | Villager (Male) |
| 7:15 | Queue | Villager (Male) |
| 7:26 | Research | Loom |
| 7:27 | Queue | Villager (Male) |
| 7:27 | Queue | Villager (Male) |
| 7:40 | Queue | Villager (Male) |
| 7:54 | Queue | Villager (Male) |
| 8:49 | Build | Town Center |
| 8:55 | Build | House |
| 8:59 | Build | House |
| 9:03 | Build | House |
| 9:05 | Build | Palisade Wall |
| 9:07 | Build | Palisade Wall |
| 9:12 | Build | Palisade Wall |
| 9:22 | Build | House |
| 9:24 | Build | House |
| 9:27 | Build | Palisade Wall |
| 9:37 | Queue | Villager (Male) |
| 9:37 | Queue | Villager (Male) |
| 9:38 | Queue | Villager (Male) |
| 9:38 | Queue | Villager (Male) |
| 9:38 | Queue | Villager (Male) |
| 9:47 | Queue | Villager (Male) |
| 9:48 | Queue | Villager (Male) |
| 9:50 | Queue | Villager (Male) |
| 10:03 | Queue | Villager (Male) |
| 10:20 | Build | Palisade Wall |
| 10:23 | Build | Palisade Wall |
| 10:26 | Build | Palisade Wall |
| 10:37 | Queue | Villager (Male) |
| 10:37 | Queue | Villager (Male) |
| 10:48 | Build | House |
| 10:52 | Build | House |
| 10:58 | Build | House |
| 11:02 | Build | House |
| 11:12 | Build | House |
| 11:25 | Queue | Villager (Male) |
| 11:26 | Queue | Villager (Male) |
| 11:34 | Build | House |
| 11:40 | Build | Palisade Wall |
| 12:11 | Build | Palisade Wall |
| 12:12 | Build | Palisade Wall |
| 12:13 | Build | Palisade Wall |
| 12:13 | Build | Palisade Wall |
| 12:13 | Build | Palisade Wall |
| 12:23 | Build | Palisade Wall |
| 12:26 | Queue | Villager (Male) |
| 12:27 | Queue | Villager (Male) |
| 12:35 | Build | House |
| 12:43 | Queue | Villager (Male) |
| 12:43 | Queue | Villager (Male) |
| 12:58 | Queue | Villager (Male) |
| 13:21 | Queue | Villager (Male) |
| 13:57 | Build | Town Center |
| 14:02 | Build | House |
| 14:05 | Build | Palisade Wall |
| 14:07 | Build | House |
| 14:11 | Build | Palisade Wall |
| 14:23 | Build | Mill |
| 14:53 | Build | Palisade Wall |
| 14:55 | Build | Palisade Wall |
| 14:56 | Build | Palisade Wall |
| 15:02 | Build | Palisade Wall |
| 15:18 | Build | Palisade Wall |
| 15:19 | Build | Palisade Wall |
| 15:20 | Build | Palisade Wall |
| 15:20 | Build | Palisade Wall |
| 15:20 | Build | Palisade Wall |
| 15:20 | Queue | Villager (Male) |
| 15:27 | Build | House |
| 15:33 | Build | Palisade Wall |
| 15:33 | Build | Palisade Wall |
| 15:33 | Build | Palisade Wall |
| 15:33 | Build | Palisade Wall |
| 15:37 | Queue | Villager (Male) |
| 15:37 | Queue | Villager (Male) |
| 15:37 | Queue | Villager (Male) |
| 15:45 | Build | House |
| 15:54 | Queue | Villager (Male) |
| 15:55 | Queue | Villager (Male) |
| 15:59 | Queue | Villager (Male) |
| 15:59 | Queue | Villager (Male) |
| 16:06 | Build | Mill |
| 17:01 | Build | Mining Camp |
| 17:07 | Build | Lumber Camp |
| 17:12 | Research | Feudal Age |
| 17:26 | Build | Farm |
| 17:28 | Build | Farm |
| 17:30 | Build | Farm |
| 17:31 | Build | Farm |
| 18:09 | Build | House |
| 18:12 | Build | House |
| 18:17 | Build | Barracks |
| 18:26 | Build | Barracks |
| 18:34 | Build | House |
| 18:39 | Build | House |
| 19:23 | Age | Feudal Age |
| 19:25 | Build | Archery Range |
| 20:01 | Queue | Villager (Male) |
| 20:28 | Build | Market |
| 20:44 | Queue | Villager (Male) |
| 21:04 | Research | Castle Age |
| 21:04 | Research | Castle Age |
| 21:16 | Build | House |
| 21:18 | Build | House |
| 21:23 | Queue | Villager (Male) |
| 21:23 | Queue | Villager (Male) |
| 21:27 | Research | Double-Bit Axe |
| 21:53 | Build | Farm |
| 21:54 | Build | Farm |
| 21:54 | Build | Farm |
| 21:54 | Build | Farm |
| 22:07 | Build | Farm |
| 22:15 | Build | House |
| 22:23 | Build | Farm |
| 22:45 | Build | Watch Tower |
| 22:59 | Build | Watch Tower |
| 23:15 | Build | Stable |
Build order — Wonderphil
First 150 of 160 actions detected
| 0:00 | Queue | Villager (Male) |
| 0:01 | Queue | Villager (Male) |
| 0:01 | Queue | Villager (Male) |
| 0:01 | Queue | Villager (Male) |
| 0:02 | Queue | Villager (Male) |
| 0:02 | Build | House |
| 0:04 | Build | House |
| 1:30 | Queue | Villager (Male) |
| 1:51 | Build | Lumber Camp |
| 2:12 | Queue | Villager (Male) |
| 2:13 | Queue | Villager (Male) |
| 2:13 | Queue | Villager (Male) |
| 2:58 | Queue | Villager (Male) |
| 2:59 | Queue | Villager (Male) |
| 3:33 | Build | House |
| 3:41 | Queue | Villager (Male) |
| 4:02 | Queue | Villager (Male) |
| 4:16 | Build | Mill |
| 4:19 | Queue | Villager (Male) |
| 4:29 | Queue | Villager (Male) |
| 5:08 | Queue | Villager (Male) |
| 5:27 | Queue | Villager (Male) |
| 5:44 | Queue | Villager (Male) |
| 5:45 | Research | Loom |
| 7:23 | Research | Feudal Age |
| 7:23 | Research | Feudal Age |
| 8:13 | Build | Barracks |
| 8:20 | Build | House |
| 8:45 | Queue | Villager (Male) |
| 8:45 | Queue | Villager (Male) |
| 8:50 | Build | House |
| 8:52 | Build | House |
| 9:15 | Queue | Villager (Male) |
| 9:28 | Queue | Villager (Male) |
| 9:30 | Queue | Villager (Male) |
| 9:43 | Queue | Villager (Male) |
| 9:57 | Queue | Villager (Male) |
| 10:18 | Build | Lumber Camp |
| 10:50 | Queue | Villager (Male) |
| 10:50 | Queue | Villager (Male) |
| 11:28 | Build | House |
| 11:29 | Build | House |
| 11:35 | Build | House |
| 11:36 | Build | House |
| 11:52 | Build | Town Center |
| 12:41 | Queue | Militia |
| 12:41 | Queue | Militia |
| 12:59 | Queue | Villager (Male) |
| 13:00 | Queue | Villager (Male) |
| 13:00 | Queue | Villager (Male) |
| 13:00 | Queue | Villager (Male) |
| 13:14 | Queue | Villager (Male) |
| 13:14 | Queue | Villager (Male) |
| 13:27 | Build | Lumber Camp |
| 13:31 | Build | Mining Camp |
| 13:43 | Queue | Villager (Male) |
| 13:52 | Queue | Villager (Male) |
| 14:32 | Queue | Villager (Male) |
| 14:32 | Queue | Villager (Male) |
| 14:41 | Queue | Militia |
| 14:59 | Build | Lumber Camp |
| 15:06 | Queue | Villager (Male) |
| 15:06 | Queue | Villager (Male) |
| 15:19 | Queue | Militia |
| 15:19 | Queue | Militia |
| 15:41 | Queue | Villager (Male) |
| 15:54 | Queue | Militia |
| 16:10 | Queue | Villager (Male) |
| 16:16 | Queue | Militia |
| 16:24 | Queue | Militia |
| 17:02 | Build | Town Center |
| 17:08 | Queue | Militia |
| 17:13 | Build | House |
| 17:14 | Build | House |
| 17:30 | Build | Lumber Camp |
| 18:13 | Build | House |
| 18:14 | Queue | Villager (Male) |
| 18:14 | Queue | Villager (Male) |
| 18:22 | Build | Mill |
| 18:37 | Queue | Villager (Male) |
| 18:46 | Build | Farm |
| 18:46 | Build | Farm |
| 18:47 | Build | Farm |
| 18:47 | Build | Farm |
| 18:47 | Build | Farm |
| 18:49 | Build | Farm |
| 18:49 | Build | Farm |
| 20:27 | Build | Farm |
| 20:28 | Build | Farm |
| 20:31 | Build | Farm |
| 20:43 | Queue | Militia |
| 20:43 | Queue | Militia |
| 21:31 | Build | Mill |
| 21:31 | Build | Farm |
| 21:32 | Build | Farm |
| 21:32 | Build | Farm |
| 21:32 | Build | Farm |
| 21:32 | Build | Farm |
| 21:33 | Build | Farm |
| 21:55 | Queue | Villager (Male) |
| 22:21 | Build | Mill |
| 22:38 | Build | Farm |
| 22:41 | Build | Farm |
| 23:12 | Research | Feudal Age |
| 23:25 | Build | Mill |
| 23:26 | Build | Farm |
| 23:26 | Build | Farm |
| 23:26 | Build | Farm |
| 23:26 | Build | Farm |
| 25:22 | Age | Feudal Age |
| 25:27 | Build | Stable |
| 25:29 | Build | Stable |
| 25:34 | Build | Blacksmith |
| 25:37 | Queue | Spearman |
| 25:37 | Queue | Spearman |
| 25:41 | Build | Barracks |
| 26:14 | Queue | Spearman |
| 26:28 | Queue | Scout Cavalry |
| 26:28 | Queue | Scout Cavalry |
| 26:36 | Build | Mining Camp |
| 26:40 | Queue | Spearman |
| 26:40 | Queue | Spearman |
| 26:53 | Queue | Spearman |
| 27:23 | Queue | Spearman |
| 27:25 | Queue | Scout Cavalry |
| 27:26 | Queue | Scout Cavalry |
| 27:51 | Queue | Scout Cavalry |
| 27:52 | Queue | Scout Cavalry |
| 28:17 | Research | Castle Age |
| 28:17 | Research | Castle Age |
| 28:26 | Build | Mining Camp |
| 28:47 | Queue | Spearman |
| 28:47 | Queue | Spearman |
| 29:21 | Queue | Scout Cavalry |
| 29:21 | Queue | Scout Cavalry |
| 29:22 | Queue | Scout Cavalry |
| 30:46 | Build | Watch Tower |
| 30:57 | Age | Castle Age |
| 31:01 | Queue | Villager (Male) |
| 31:02 | Queue | Villager (Male) |
| 31:15 | Queue | Scout Cavalry |
| 31:15 | Queue | Scout Cavalry |
| 31:20 | Queue | Unit 1944 |
| 31:20 | Queue | Unit 1944 |
| 31:39 | Queue | Villager (Male) |
| 31:55 | Queue | Unit 1944 |
| 31:55 | Queue | Unit 1944 |
| 32:10 | Queue | Unit 1944 |
| 32:34 | Queue | Villager (Male) |
| 32:35 | Queue | Villager (Male) |
Match timeline
| 8:13 | Wonderphil · first_building Barracks |
| 9:05 | Tattletale Strangler · wall_segment Palisade Wall x1 |
| 9:07 | Tattletale Strangler · wall_segment Palisade Wall x1 |
| 9:12 | Tattletale Strangler · wall_segment Palisade Wall x1 |
| 9:27 | Tattletale Strangler · wall_segment Palisade Wall x1 |
| 10:20 | Tattletale Strangler · wall_segment Palisade Wall x1 |
| 10:23 | Tattletale Strangler · wall_segment Palisade Wall x1 |
| 10:26 | Tattletale Strangler · wall_segment Palisade Wall x1 |
| 11:40 | Tattletale Strangler · wall_segment Palisade Wall x1 |
| 12:11 | Tattletale Strangler · wall_segment Palisade Wall x1 |
| 12:12 | Tattletale Strangler · wall_segment Palisade Wall x1 |
| 12:13 | Tattletale Strangler · wall_segment Palisade Wall x1 |
| 12:13 | Tattletale Strangler · wall_segment Palisade Wall x1 |
| 12:13 | Tattletale Strangler · wall_segment Palisade Wall x1 |
| 12:23 | Tattletale Strangler · wall_segment Palisade Wall x1 |
| 14:05 | Tattletale Strangler · wall_segment Palisade Wall x1 |
| 14:11 | Tattletale Strangler · wall_segment Palisade Wall x1 |
| 14:53 | Tattletale Strangler · wall_segment Palisade Wall x1 |
| 14:55 | Tattletale Strangler · wall_segment Palisade Wall x1 |
| 14:56 | Tattletale Strangler · wall_segment Palisade Wall x1 |
| 15:02 | Tattletale Strangler · wall_segment Palisade Wall x1 |
| 15:18 | Tattletale Strangler · wall_segment Palisade Wall x1 |
| 15:19 | Tattletale Strangler · wall_segment Palisade Wall x1 |
| 15:20 | Tattletale Strangler · wall_segment Palisade Wall x1 |
| 15:20 | Tattletale Strangler · wall_segment Palisade Wall x1 |
| 15:20 | Tattletale Strangler · wall_segment Palisade Wall x1 |
| 15:33 | Tattletale Strangler · wall_segment Palisade Wall x1 |
| 15:33 | Tattletale Strangler · wall_segment Palisade Wall x1 |
| 15:33 | Tattletale Strangler · wall_segment Palisade Wall x1 |
| 15:33 | Tattletale Strangler · wall_segment Palisade Wall x1 |
| 18:17 | Tattletale Strangler · first_building Barracks |
| 19:23 | Tattletale Strangler · age_up feudal |
| 19:25 | Tattletale Strangler · first_building Archery Range |
| 23:15 | Tattletale Strangler · first_building Stable |
| 23:32 | Tattletale Strangler · age_up castle |
| 24:36 | Tattletale Strangler · first_market_sell 100 food |
| 25:22 | Wonderphil · age_up feudal |
| 25:27 | Wonderphil · first_building Stable |
| 25:55 | Tattletale Strangler · first_market_buy 100 food |
| 29:55 | Tattletale Strangler · first_building Castle |
| 30:57 | Wonderphil · age_up castle |
| 31:16 | Tattletale Strangler · first_building Siege Workshop |
| 32:21 | Tattletale Strangler · first_building Monastery |
| 35:13 | Wonderphil · resign |
[ AI ANALYSIS · 1 CREDIT ]
What really happened in this match?
Wolo.gg analyzes every decision: build order, eco, micro, common mistakes by bracket. Personalized analysis on WhatsApp or Discord in 30 seconds.
Civ guide
Persians
Perfil
Tattletale Strangler